 Dungeon Crawl Stone Soup version 0.22-a0-224-g8cf3520 (webtiles) character file.

14962 Gorglomux the Reanimator (level 11, -11/63 HPs)
             Began as a Deep Elf Necromancer on Feb 19, 2018.
             Was a High Priest of Sif Muna.
             Shot with a bolt by a yaktaur captain (31 damage)
             ... on level 11 of the Dungeon.
             The game lasted 00:48:28 (16427 turns).

Gorglomux the Reanimator (Deep Elf Necromancer)    Turns: 16427, Time: 00:48:28

Health: -11/63     AC: 12    Str:  5    XL:     11   Next: 95%
Magic:  21/24      EV: 16    Int: 24    God:    Sif Muna [*****.]
Gold:   733        SH:  5    Dex: 15    Spells: 9/25 levels left

rFire    + . .     SeeInvis +   W - +8 war axe of Vipsy {venom, rF+}
rCold    . . .     Gourm    .   (no shield)
rNeg     . . .     Faith    .   K - +0 troll leather armour
rPois    .         Spirit   .   N - +2 helmet
rElec    .         Reflect  +   A - +0 cloak {MR+}
rCorr    .         Harm     .   (no gloves)
MR       ++...                  i - +0 pair of boots
Stlth    +++.......             H - +5 amulet of reflection
HPRegen  1.60/turn              s - ring of see invisible (curse)
MPRegen  0.19/turn              L - +3 ring of protection

@: lethally poisoned (-11 -> -11), regenerating, divine energy
A: no striking features
a: Stop Divine Energy, Channel Magic, Forget Spell, Renounce Religion


You were on level 11 of the Dungeon.
You worshipped Sif Muna.
Sif Muna was extremely pleased with you.
You were hungry.

You visited 2 branches of the dungeon, and saw 12 of its levels.

You collected 733 gold pieces.

Inventory:

Hand Weapons
 a - a +3 dagger of speed
 b - a +0 spear
 W - the +8 war axe of Vipsy (weapon) {venom, rF+}
   (You found it on level 9 of the Dungeon)

   It poisons the flesh of those it strikes.
   It protects you from fire.
Missiles
 Z - 2 throwing nets (quivered)
Armour
 i - a +0 pair of boots (worn)
 r - a scarf of resistance
 A - a +0 cloak of magic resistance (worn)
 K - a +0 troll leather armour (worn)
 N - a +2 helmet (worn)
 Q - a +0 buckler
Jewellery
 g - an uncursed ring of resist corrosion
 l - an uncursed ring of flight
 s - a cursed ring of see invisible (left hand)
 E - an uncursed ring of stealth {unknown}
 F - an uncursed ring of positive energy
 H - a +5 amulet of reflection (around neck)
 L - a +3 ring of protection (right hand)
Wands
 O - a wand of clouds (8)
Scrolls
 c - 4 scrolls of enchant weapon
 h - 3 scrolls of amnesia
 G - 2 scrolls of fog {unknown}
 M - 2 scrolls of magic mapping
 R - 5 scrolls of identify
 S - a scroll of blinking {unknown}
 T - a scroll of teleportation
 V - 6 scrolls of remove curse
 X - a scroll of immolation {unknown}
Potions
 e - 4 potions of curing
 o - a potion of haste
 p - 3 potions of heal wounds
 t - 2 potions of ambrosia
 u - a potion of degeneration {unknown}
 x - a potion of flight {unknown}
 z - 2 potions of brilliance
 C - a potion of might
 J - a potion of lignification {unknown}
 P - a potion of invisibility {unknown}
Miscellaneous
 Y - a lamp of fire
Comestibles
 I - 6 chunks of flesh
 U - 14 rations


   Skills:
 - Level 5.0 Fighting
 - Level 7.9 Dodging
 - Level 7.0 Stealth
 - Level 7.7 Spellcasting
 + Level 6.4 Conjurations
 + Level 7.2 Charms
 + Level 11.3 Necromancy
 + Level 5.7 Translocations
 + Level 6.6 Fire Magic
 + Level 6.1 Air Magic
 - Level 3.0 Poison Magic


You had 9 spell levels left.
You knew the following spells:

 Your Spells              Type           Power        Failure   Level  Hunger
a - Pain                  Necr           ####         1%          1    None
b - Animate Skeleton      Necr           N/A          1%          1    None
d - Blink                 Tloc           N/A          1%          2    None
j - Conjure Flame         Conj/Fire      #####...     2%          3    None
m - Mephitic Cloud        Conj/Pois/Air  ####....     3%          3    None
v - Vampiric Draining     Necr           ######....   1%          3    None
R - Regeneration          Chrm/Necr      ######....   1%          3    None


Dungeon Overview and Level Annotations

Branches:
Dungeon (11/15)            Temple (1/1) D:7            Lair (0/6) D:9
    Orc: D:9-12

Altars:
Ashenzari
Cheibriados
Dithmenos
Elyvilon
Fedhas
Gozag
Hepliaklqana
Kikubaaqudgha
Makhleb
Nemelex Xobeh
Okawaru
Qazlal
Ru
Sif Muna
Trog
Uskayaw
Vehumet
Wu Jian
Xom
Yredelemnul
Zin
The Shining One

Shops:
D:5 =

Annotations:
D:3 Azzok's ghost, amateur GrFi
D:4 Tovarisch's ghost, novice GnWn
D:5 nikopol's ghost, novice DEFE
D:11 sankara's ghost, journeyman DsFi


Message History

You are poisoned!
The worker ant poisons you!!!
You hear a shout!!!
A slime creature comes into view!
Unknown command!
You swap places!
You feel sick!
The catoblepas gores Harold!!!
Harold hits the catoblepas with a broad axe!!!
The worker ant bites your orc skeleton!
Casting: Animate Skeleton (safe; 1% risk of failure)
Confirm with ! or Enter, or press ? or * to list all spells!
Your skin crawls!
You feel sick!
Your orc skeleton hits the worker ant with a halberd!
The worker ant bites your orc skeleton!
Your orc skeleton is destroyed!!!
The catoblepas gores Harold!!!
The slime creature hits you!!!
The yaktaur captain unwields an uncursed glowing demon blade!
The yaktaur captain wields a glowing arbalest!
It is covered in frost!
The yaktaur captain shoots a bolt!
The bolt hits you!!!!!! rip

#..#####....)....<.#
#..Z.....##.....#.##
###.†#####....#.#.#
........(..)..#)##.#.#####.
..#..c........)............
#.###.#####.#####.#####.#
#.##...###.#.# ##..# #
#..##.#J#.#.# ..#
#.YZ@#.#.#.# .#..
#..##)#.#.#.#.. ###.#
#..a###.#.##..# ... ##.#
#.## #.# #.# .T# #.# #. ..
#.) ..# ..## ..# #.#. #.
#.#.


You could see a catoblepas, a yaktaur captain, a slime creature, a troll, a
worker ant and the friendly Harold the human skeleton.

Vanquished Creatures
  Harold (D:11)
  A centaur warrior (D:11)
  2 two-headed ogres
  A skeletal warrior (D:10)
  4 unseen horrors
  2 ugly things (D:10)
  A centaur zombie (D:11)
  2 trolls (D:9)
  Prince Ribbit (D:7)
  A shadow (D:10)
  A spriggan (D:7)
  2 hippogriffs
  3 yaks (D:10)
  2 wyverns
  4 humans (D:6)
  2 wraiths (D:10)
  Eustachio (D:4)
  A chaos spawn (D:10)
  A steam dragon (D:9)
  A hungry ghost (D:9)
  2 water moccasins
  Duvessa (D:5)
  2 orc warriors
  2 ice beasts
  An eye of draining (D:11)
  A sky beast (D:7)
  An ogre (D:10)
  6 centaurs
  A big kobold (D:9)
  2 gnoll sergeants
  6 bullfrogs
  2 wyvern zombies
  Dowan (D:5)
  A wyvern skeleton (D:6)
  4 scorpions
  9 killer bees
  2 wights
  2 howler monkeys
  2 crimson imps
  2 bullfrog zombies
  A quasit (D:8)
  2 orc priests
  2 hounds
  3 jellies
  7 orc wizards
  Crazy Yiuf (D:5)
  A bullfrog skeleton (D:7)
  3 centaur skeletons
  Jessica (D:3)
  5 iguanas
  Natasha (thrice) (D:4)
  8 worker ants
  A hound zombie (D:11)
  A worker ant zombie (D:6)
  17 gnolls
  14 adders
  An adder skeleton (D:4)
  A worm (D:3)
  A dart slug (D:3)
  7 leopard geckos
  19 orcs
  7 bats
  4 giant cockroaches
  8 goblins
  9 hobgoblins
  6 jackals
  8 kobolds
  4 quokkas
  2 ball pythons
  9 frilled lizards
  A jackal skeleton (D:5)
  A leopard gecko skeleton (D:4)
  A quokka zombie (D:5)
  8 rats
  2 fungi (D:5)
253 creatures vanquished.

Vanquished Creatures (collateral kills)
  A wraith (D:10)
  A yak (D:10)
  A chaos spawn (D:10)
  A black bear (D:8)
  An ogre (D:10)
  A centaur (D:6)
  A crocodile (D:11)
  A killer bee (D:10)
  A crimson imp (D:9)
  A bullfrog zombie (D:6)
  A jelly (D:7)
  2 gnolls (D:9)
  A shadow imp (D:10)
  An ooze (D:3)
  2 leopard geckos
  An orc (D:9)
  A quokka (D:9)
  A quokka zombie (D:9)
20 creatures vanquished.

Vanquished Creatures (others)
  An ogre (D:8)
  A bullfrog (D:8)
  A killer bee (D:8)
  A quokka (D:7)
  4 fungi (D:9)
  A plant (D:4)
9 creatures vanquished.

Grand Total: 282 creatures vanquished

Notes
Turn   | Place    | Note
-------+----------+-------------------------------------------
     0 | D:1      | Gorglomux the Deep Elf Necromancer began the quest for the Orb.
     0 | D:1      | Reached XP level 1. HP: 10/10 MP: 6/6
   170 | D:1      | Reached skill level 5 in Necromancy
   464 | D:1      | Reached XP level 2. HP: 15/15 MP: 5/8
   811 | D:1      | Learned a level 1 spell: Animate Skeleton
  1132 | D:2      | Reached XP level 3. HP: 18/19 MP: 6/10
  1137 | D:2      | Learned a level 3 spell: Vampiric Draining
  1785 | D:2      | Reached XP level 4. HP: 18/24 MP: 7/12
  2040 | D:3      | Noticed Jessica
  2042 | D:3      | Killed Jessica
  2042 | D:3      | Reached skill level 6 in Necromancy
  2094 | D:3      | Found an ornate altar of the Wu Jian Council.
  2112 | D:3      | Found a burning altar of Makhleb.
  2119 | D:3      | Reached XP level 5. HP: 10/28 MP: 9/14
  2316 | D:3      | Noticed Azzok's ghost (amateur GrFi)
  2421 | D:2      | Learned a level 3 spell: Regeneration
  2670 | D:3      | Learned a level 2 spell: Blink
  2781 | D:3      | Reached skill level 6 in Spellcasting
  3376 | D:4      | Noticed Tovarisch's ghost (novice GnWn)
  3430 | D:4      | Reached skill level 7 in Necromancy
  3437 | D:4      | Reached XP level 6. HP: 6/32 MP: 3/17
  4163 | D:4      | Reached skill level 1 in Translocations
  4163 | D:4      | Reached XP level 7. HP: 16/36 MP: 1/19
  4425 | D:4      | Noticed Natasha
  4431 | D:4      | Killed Natasha
  4600 | D:4      | Noticed Natasha
  4603 | D:4      | Killed Natasha
  4831 | D:5      | Entered Level 5 of the Dungeon
  4866 | D:5      | Found Den Poff's Jewellery Shoppe.
  4913 | D:5      | Noticed Duvessa
  4933 | D:5      | Noticed Eustachio
  4936 | D:5      | Noticed nikopol's ghost (novice DEFE)
  5239 | D:4      | Killed Eustachio
  5239 | D:4      | Reached skill level 1 in Fighting
  5239 | D:4      | Reached skill level 3 in Dodging
  5239 | D:4      | Reached skill level 3 in Stealth
  5491 | D:5      | Found a snail-covered altar of Cheibriados.
  5732 | D:5      | Noticed Dowan
  5732 | D:5      | Found a hide-covered altar of Uskayaw.
  6028 | D:5      | Killed Duvessa
  6031 | D:5      | Killed Dowan
  6197 | D:5      | Reached XP level 8. HP: 42/44 MP: 16/21
  6407 | D:5      | Found a runed door.
  6411 | D:5      | Noticed Crazy Yiuf
  6417 | D:5      | Killed Crazy Yiuf
  6593 | D:4      | Noticed Natasha
  6597 | D:4      | Killed Natasha
  6931 | D:3      | Learned a level 3 spell: Conjure Flame
  6935 | D:3      | Learned a level 3 spell: Mephitic Cloud
  7330 | D:6      | Reached skill level 3 in Fighting
  7334 | D:6      | Reached skill level 6 in Stealth
  7505 | D:6      | Reached skill level 6 in Dodging
  7690 | D:6      | Reached XP level 9. HP: 52/52 MP: 12/22
  8643 | D:7      | Found a white marble altar of Elyvilon.
  8705 | D:7      | Found a staircase to the Ecumenical Temple.
  8707 | D:7      | Noticed Prince Ribbit
  8717 | D:7      | Killed Prince Ribbit
  9127 | Temple   | Entered the Ecumenical Temple
  9296 | Temple   | Became a worshipper of Sif Muna the Loreminder
  9467 | D:7      | Reached skill level 1 in Charms
  9502 | D:7      | Reached skill level 1 in Fire Magic
  9726 | D:7      | Found a stormy altar of Qazlal.
  9785 | D:7      | Reached skill level 1 in Conjurations
  9785 | D:7      | Reached skill level 8 in Necromancy
  9785 | D:7      | Reached skill level 1 in Air Magic
  9785 | D:7      | Reached skill level 1 in Poison Magic
 10079 | D:7      | Reached * piety under Sif Muna
 10475 | D:7      | Found a glowing silver altar of Zin.
 11531 | D:9      | Reached skill level 3 in Charms
 11531 | D:9      | Reached skill level 3 in Translocations
 11810 | D:9      | Reached XP level 10. HP: 51/59 MP: 4/23
 11841 | D:9      | Reached skill level 3 in Fire Magic
 11948 | D:9      | Reached ** piety under Sif Muna
 11948 | D:9      | Reached skill level 3 in Air Magic
 12266 | D:9      | Reached skill level 9 in Necromancy
 12547 | D:9      | Noticed a two-headed ogre
 12556 | D:9      | Killed a two-headed ogre
 12556 | D:9      | Reached skill level 3 in Conjurations
 12846 | D:9      | Found a staircase to the Lair.
 13050 | D:9      | Found a shimmering altar of Xom.
 13051 | D:9      | Found a hazy altar of Hepliaklqana.
 13265 | D:9      | Got a pitted war axe
 13266 | D:9      | Identified the +8 war axe of Vipsy {venom, rF+} (You found it on level 9 of the Dungeon)
 13290 | D:10     | Entered Level 10 of the Dungeon
 13290 | D:10     | Noticed a white ugly thing
 13716 | D:10     | Reached skill level 10 in Necromancy
 13769 | D:10     | Reached *** piety under Sif Muna
 14114 | D:10     | Found the +8 mace of Variability {chaos}
 14115 | D:10     | Found a shimmering altar of Xom.
 14252 | D:10     | Noticed a brown ugly thing
 14668 | D:10     | Killed an unseen horror
 14668 | D:10     | Reached skill level 3 in Poison Magic
 14668 | D:10     | Reached XP level 11. HP: 53/63 MP: 1/24
 14978 | D:10     | Killed a white ugly thing
 14979 | D:10     | Killed a white ugly thing
 14979 | D:10     | Reached **** piety under Sif Muna
 15097 | D:11     | Noticed sankara's ghost (journeyman DsFi)
 15145 | D:11     | Noticed a two-headed ogre
 15150 | D:11     | Noticed a purple ugly thing
 15166 | D:11     | Killed a two-headed ogre
 15176 | D:11     | Noticed a centaur warrior
 15199 | D:11     | Noticed Harold
 15206 | D:11     | Noticed a two-headed ogre
 15219 | D:11     | Noticed an unseen horror
 15335 | D:11     | Killed an unseen horror
 15586 | D:11     | Noticed a skeletal warrior
 15867 | D:11     | Killed a centaur warrior
 15867 | D:11     | Reached skill level 6 in Charms
 16141 | D:11     | Noticed an unseen horror
 16166 | D:10     | Killed a skeletal warrior
 16166 | D:10     | Reached skill level 11 in Necromancy
 16237 | D:10     | Killed an unseen horror
 16237 | D:10     | Reached ***** piety under Sif Muna
 16237 | D:10     | Identified Feklela's Tome of Evil Arts and Attacks {god gift} (Sif Muna gifted it to you on level 10 of the Dungeon)
 16237 | D:10     | Received a gift from Sif Muna
 16237 | D:10     | Reached skill level 6 in Conjurations
 16237 | D:10     | Reached skill level 6 in Fire Magic
 16279 | D:11     | Killed Harold
 16312 | D:11     | Noticed an unseen horror
 16329 | D:11     | Reached skill level 6 in Air Magic
 16330 | D:11     | Killed an unseen horror
 16423 | D:11     | Noticed a catoblepas
 16427 | D:11     | Shot with a bolt by a yaktaur captain

Vault maps used:
D:1:      minmay_arrival_widening_spiral_wide, minivault_19
D:3:      makhleb_heckhound_becter, lemuel_crystal_altar, uniq_jessica
D:4:      first_ration, guppyfry_early_lair_pool, uniq_natasha
D:5:      nicolae_overflow_hidden_temple, overflow_temple_1_default,
          serial_shops, nicolae_shop_crystal, uniq_eustachio, uniq_duvessa,
          uniq_blork_the_orc, uniq_crazy_yiuf_cottage
D:6:      serial_glass, glass_columns_b, glass_columns_a, minmay_ruffians
D:7:      elyvilon_altar_4, grunt_qazlal_clouds, zin_statuary,
          minmay_temple_entry_glass, the_bakery, uniq_prince_ribbit1
D:8:      lemuel_old_faithful
D:9:      regret_index_temple_of_mockery, dpeg_oklobed_lair, minmay_hedge_maze,
          hangedman_minor_gate_pass
D:10:     kennysheep_nondescript, minmay_guarded_unrand_variability
D:11:     minmay_the_grid_square_5x5_4x4, basic_altar, uniq_harold
Temple:   nicolae_temple_figure_eight

Skill      XL: |  1  2  3  4  5  6  7  8  9 10 11 |
---------------+----------------------------------+-----
Necromancy     | 5 6 7 8 10 11 | 11.3
Spellcasting   | 4 5 6 7 |  7.7
Translocations | 1 2 3 5 |  5.7
Fighting       | 2 4 5 |  5.0
Dodging        | 4 6 7 |  7.9
Stealth        | 4 7 |  7.0
Charms         | 3 4 7 |  7.2
Fire Magic     | 2 4 6 |  6.6
Conjurations   | 2 4 6 |  6.4
Air Magic      | 2 4 6 |  6.1
Poison Magic   | 2 3 |  3.0

Action                   |  1- 3 |  4- 6 |  7- 9 | 10-12 || total
-------------------------+-------+-------+-------+-------++-------
Melee: Dagger            |       |    27 |   455 |   142 ||   624
       Spear             |       |       |   124 |   350 ||   474
       War axe           |       |       |       |    91 ||    91
 Cast: Pain              |    56 |    90 |   170 |   138 ||   454
       Animate Skeleton  |     6 |    15 |    22 |    21 ||    64
       Vampiric Draining |     1 |    10 |    58 |    36 ||   105
       Regeneration      |       |     4 |    34 |    18 ||    56
       Conjure Flame     |       |       |    21 |    40 ||    61
       Mephitic Cloud    |       |       |     6 |    19 ||    25
       Blink             |       |       |     5 |    17 ||    22
Invok: Divine Energy     |       |       |     1 |       ||     1
  Use: Scroll            |       |       |    10 |     1 ||    11
 Stab: Sleeping          |       |       |     2 |     2 ||     4
       Confused          |       |       |     2 |       ||     2
  Eat: Chunk             |     2 |     8 |    10 |    12 ||    32
       Ration            |       |       |     5 |     1 ||     6
Armor: Robe              |     2 |    14 |    55 |     2 ||    73
       Troll leather arm |       |       |       |   186 ||   186
Dodge: Dodged            |     9 |    42 |   329 |   392 ||   772
Block: Other             |       |       |    27 |    40 ||    67
       Reflection        |       |       |       |     1 ||     1

Table legend:
 A = Spawn XP
 B = Non-spawn XP
 C = Spawn XP percentage of total XP
 D = Spawn monster count
 E = Non-spawn monster count
 F = Spawn count percentage of total count
 G = Total turns spent on level
                    A         B        C        D         E        F      G
               +---------+---------+-------+---------+---------+-------+---------
         Total |       0 |   21375 |   0.0 |       0 |     272 |   0.0 | 16427
               +---------+---------+-------+---------+---------+-------+---------
           D:1 |       0 |      32 |   0.0 |       0 |      17 |   0.0 |  1084
           D:2 |       0 |      83 |   0.0 |       0 |      25 |   0.0 |  1140
           D:3 |       0 |     204 |   0.0 |       0 |      29 |   0.0 |  1540
           D:4 |       0 |     722 |   0.0 |       0 |      27 |   0.0 |  2282
           D:5 |       0 |     599 |   0.0 |       0 |      23 |   0.0 |  1091
           D:6 |       0 |    1307 |   0.0 |       0 |      16 |   0.0 |  1505
           D:7 |       0 |    1564 |   0.0 |       0 |      25 |   0.0 |  1899
           D:8 |       0 |     423 |   0.0 |       0 |      10 |   0.0 |   760
           D:9 |       0 |    3278 |   0.0 |       0 |      35 |   0.0 |  1807
          D:10 |       0 |    6663 |   0.0 |       0 |      40 |   0.0 |  2692
          D:11 |       0 |    6500 |   0.0 |       0 |      25 |   0.0 |   419
               +---------+---------+-------+---------+---------+-------+---------
